 Dungeon Crawl Stone Soup version 0.21-a0-85-ga0cb861 (webtiles) character file.

65 nikopol the Covered (level 4, -1/29 HPs)
             Began as a Gargoyle Fighter on June 25, 2017.
             Killed from afar by Natasha (6 damage)
             ... with a magic dart
             ... on level 2 of the Dungeon.
             The game lasted 00:02:19 (1269 turns).

nikopol the Covered (Gargoyle Fighter)              Turns: 1269, Time: 00:02:20

Health: -1/29      AC:  9    Str: 21    XL:     4   Next: 14%
Magic:  4/4        EV:  8    Int:  8    God:
Gold:   105        SH:  9    Dex:  9    Spells: 3/3 levels left

rFire    + . .     SeeInvis .   a - +0 flail
rCold    . . .     Gourm    .   c - +0 shield
rNeg     + . .     Faith    .   g - +0 ring mail {rF+}
rPois    ∞         Spirit   .   (no helmet)
rElec    +         Reflect  .   (no cloak)
rCorr    .         Harm     .   (no gloves)
MR       .....                  (no boots)
Stlth    ..........             (no amulet)
HPRegen  0.09/turn              (no ring)
MPRegen  0.09/turn              (no ring)

@: no status effects
A: negative energy resistance 1, electricity resistance, unbreathing,
petrification resistance, rot immunity, AC +3
a: no special abilities


You were on level 2 of the Dungeon.
You were not hungry.

You visited 1 branch of the dungeon, and saw 2 of its levels.

You collected 105 gold pieces.

Inventory:

Hand Weapons
 a - a +0 flail (weapon)
Missiles
 n - 2 throwing nets (quivered)
Armour
 b - a +0 scale mail
 c - a +0 shield (worn)
 g - a +0 ring mail of fire resistance (worn)
Scrolls
 e - 2 scrolls of identify {unknown}
 h - a scroll of immolation {unknown}
 j - 3 scrolls of enchant armour {unknown}
 s - a scroll of noise {unknown}
Potions
 d - a potion of might
 i - a potion of cancellation {unknown}
 k - a potion of mutation {unknown}
 m - a potion of heal wounds {unknown}
 o - 2 potions of berserk rage {unknown}
 r - a potion of curing {unknown}
Comestibles
 f - 2 bread rations
 l - 4 fruits
 p - a meat ration
 q - 4 chunks of flesh


   Skills:
 + Level 3.9 Fighting
 + Level 2.4 Maces & Flails
 + Level 4.0 Armour
 + Level 0.5 Dodging
 + Level 0.2 Stealth
 + Level 3.6 Shields


You had 3 spell levels left.
You didn't know any spells.

Dungeon Overview and Level Annotations

Branches:
Dungeon (2/15)

Altars:
Makhleb

Annotations:
D:2 Natasha


Innate Abilities, Weirdness & Mutations

You are resistant to torment.
Your stone body is resilient. (AC +3)
You are immune to poison.
You resist negative energy. (rN+)
You are resistant to electric shocks. (rElec)
You can survive without breathing.
You are immune to petrification.
You are immune to rotting.


Message History

You block the white imp's attack. Natasha claws you but does no damage.
The white imp hits you but does no damage.
Natasha stares at you and mumbles some strange words.
You feel yourself slow down.
The white imp hits you but does no damage.
Sorry, you're not good enough to have a special ability.
You hit Natasha.
You kill Natasha!
Natasha yowls pathetically as she dies!
The white imp disappears in a puff of smoke!
Your Armour skill increases to level 4!
You have reached level 4!
You feel stronger.
You start resting.
Natasha, Servant of Life and Death comes into view.
Natasha mumbles some strange words.
You feel yourself speed up.
Natasha stares at you and mumbles some strange words.
The magic dart hits you!
You die...

#..##+#. #...(.....# #.##.##
#.........# #..#.## #.........#
.####..... #.........# ........##
#.........## .###....##
#..........# #.#..##
#..........###.# #.#...#
########........@.....# #...>.#
#........5h.###+###########......
#..#####.##.###.#.....<..........
#......#.##.#)..#.#..............
##.###.#..... #.#.#...####.......
#.# # ...#.###...#(....##....###
#.###..###..(##..............#
##...#.. #....)..........########
.....#...#.._..#.................


You could see Natasha and a crimson imp.

Vanquished Creatures
  Natasha (D:2)
  A worm (D:2)
  2 dart slugs
  A leopard gecko (D:1)
  A ball python (D:1)
  2 giant cockroaches (D:1)
  6 goblins
  2 hobgoblins (D:1)
  2 jackals (D:1)
  4 bats
  2 frilled lizards
  2 kobolds
  2 rats (D:1)
28 creatures vanquished.

Notes
Turn   | Place    | Note
-------+----------+-------------------------------------------
     0 | D:1      | nikopol the Gargoyle Fighter began the quest for the Orb.
     0 | D:1      | Reached XP level 1. HP: 14/14 MP: 1/1
   141 | D:1      | Reached XP level 2. HP: 17/19 MP: 2/2
   892 | D:2      | Reached XP level 3. HP: 11/24 MP: 3/3
  1128 | D:2      | Found a burning altar of Makhleb.
  1241 | D:2      | Noticed Natasha
  1256 | D:2      | Killed Natasha
  1256 | D:2      | Reached skill level 4 in Armour
  1256 | D:2      | Reached XP level 4. HP: 3/29 MP: 4/4
  1267 | D:2      | Noticed Natasha
  1269 | D:2      | Killed from afar by Natasha

Vault maps used:
D:1:      dpeg_chamrin_arrival_tetris
D:2:      lightli_temple_of_fire, minmay_hexomino_r4, uniq_sigmund, uniq_natasha

Skill      XL: |  1  2  3 |
---------------+----------+-----
Armour         | 4 |  4.0
Fighting       | |  3.9
Maces & Flails | |  2.4
Dodging        | |  0.5
Stealth        | |  0.2
Shields        | |  3.6

Action                   |  1- 3 |  4- 6 || total
-------------------------+-------+-------++-------
Melee: Flail             |   128 |       ||   128
  Eat: Chunk             |     1 |       ||     1
Armor: Scale mail        |     5 |       ||     5
       Ring mail         |    56 |       ||    56
Dodge: Dodged            |    43 |       ||    43
Block: Shield            |    77 |       ||    77
